 Dungeon Crawl Stone Soup version 0.30-a0-824-g6c64550be9 (webtiles) character file.

Game seed: 5260720419375239060

22 sircluck the Poker (level 2, 0/26 HPs)
             Began as a Gnoll Reaver on Feb 27, 2023.
             Slain by a goblin
             ... wielding a +0 dagger
             ... led by Robin
              (5 damage)
             ... on level 1 of the Dungeon.
             The game lasted 00:01:03 (992 turns).

sircluck the Poker (Gnoll Reaver)                    Turns: 992, Time: 00:01:04

Health: 0/26       AC:  3    Str: 11    XL:     2   Next: 91%
Magic:  7/7        EV: 12    Int: 12    God:
Gold:   40         SH:  0    Dex: 10    Spells: 9/10 levels left

rFire   . . .      SeeInvis .    a - +0 spear
rCold   . . .      Faith    .    (no shield)
rNeg    . . .      Spirit   .    b - +0 leather armour
rPois   .          Reflect  .    (no helmet)
rElec   .          Harm     .    (no cloak)
rCorr   .          Rampage  .    (no gloves)
Will    .....                    (no boots)
Stlth   +                        (no amulet)
HPRegen 0.24/turn                (no ring)
MPRegen 0.10/turn                (no ring)

@: no status effects
A: fangs 1, strong nose, distributed training
a: no special abilities


You were on level 1 of the Dungeon.
You visited 1 branch of the dungeon, and saw 2 of its levels.

You collected 40 gold pieces.

Inventory:

Hand Weapons
 a - a +0 spear (weapon)
Missiles
 e - 7 stones
Armour
 b - a +0 leather armour (worn)
 f - a +0 tower shield
Scrolls
 c - a scroll of poison {unknown}
 d - a scroll of immolation {unknown}
 g - a scroll of enchant weapon {unknown}


   Skills:
 + Level 4.5 Fighting
 + Level 0.5 Short Blades
 + Level 0.5 Long Blades
 + Level 0.5 Axes
 + Level 0.5 Maces & Flails
 + Level 6.5 Polearms
 + Level 0.5 Staves
 + Level 0.5 Ranged Weapons
 + Level 0.5 Throwing
 + Level 0.5 Armour
 + Level 4.5 Dodging
 + Level 0.5 Stealth
 + Level 0.5 Shields
 + Level 0.5 Unarmed Combat
 + Level 4.9 Spellcasting
 + Level 5.4 Conjurations
 + Level 0.4 Hexes
 + Level 0.4 Summonings
 + Level 0.4 Necromancy
 + Level 0.4 Translocations
 + Level 0.4 Transmutations
 + Level 0.4 Fire Magic
 + Level 0.4 Ice Magic
 + Level 0.4 Air Magic
 + Level 0.4 Earth Magic
 + Level 0.4 Poison Magic
 + Level 0.7 Invocations
 + Level 0.5 Evocations


You had 9 spell levels left.
You knew the following spells:

 Your Spells              Type           Power      Damage    Failure   Level
a - Kiss of Death         Conj/Necr      36%        2d8       9%          1

Your spell library contained the following spells:

 Spells                   Type           Power      Damage    Failure   Level
 Momentum Strike          Conj/Tloc      18%        3d8       12%         2
 Sandblast                Erth           6%         2d5       22%         1
 Hailstorm                Conj/Ice       9%         3d4       24%         3
 Stone Arrow              Conj/Erth      18%        3d8       24%         3
 Passwall                 Tmut/Erth      2%         N/A       34%         2


Dungeon Overview and Level Annotations

Branches:
Dungeon (2/15)

Altars:

Annotations:
D:1 Robin


Innate Abilities, Weirdness & Mutations

You have very sharp teeth.
Your uncanny sense of smell can sniff out nearby items.
Your experience applies equally to all skills.


Message History

The goblin is almost dead.
The rat barely misses you. The goblin closely misses you.
You barely miss the goblin.
The goblin is almost dead.
The rat misses you. The goblin barely misses you.
You hit the goblin.
You kill the goblin!
The rat bites you but does no damage.
You closely miss the rat. You closely miss the rat.
The rat bites you but does no damage.
You hit the rat.
You kill the rat!
There is a stone staircase leading down here.
You start resting.
HP restored.
You climb downwards.
Level annotation: Robin The goblin misses you.
The hobgoblin hits you. x2
The goblin hits you with a +0 dagger.
There is a stone staircase leading up, spattered with blood here.
The hobgoblin hits you but does no damage.
The goblin closely misses you. The goblin hits you with a +0 dagger.
The hobgoblin barely misses you. Robin throws the goblin at you!
You climb upwards.
There is a stone staircase leading down here.
You closely miss Robin. The hobgoblin closely misses you.
The goblin completely misses you.
You completely miss Robin. The hobgoblin hits you.
Robin roars a battlecry!
The goblins go into a battle-frenzy!
The goblin hits you with a +0 dagger.
You hit Robin but do no damage. You hit Robin but do no damage.
You bite Robin, but do no damage. The hobgoblin hits you.
The goblin hits you with a +0 dagger.
* * * LOW HITPOINT WARNING * * *
You hit Robin. Your punch misses Robin.
Robin is moderately wounded.
The hobgoblin closely misses you. Robin barely misses you.
The goblin hits you with a +0 dagger.
You die...

#.###########.....
#.#...............
#.#.#####..######.
#.#...###..######.
#.................
#..##.###..######.
#g.##.###..# #.
#gg.....#..######.
#@gg..............
###.#.#.##########
#...#...........
############.#####
♣.................
♣..8..8...........
♣...÷.............
♣♣...÷.............
♣...8..8...........


You could see Robin, 2 hobgoblins and 2 goblins.

Vanquished Creatures
  3 ball pythons (D:1)
  3 endoplasms (D:1)
  3 goblins (D:1)
  2 kobolds (D:1)
  4 bats (D:1)
  3 frilled lizards (D:1)
  3 rats (D:1)
21 creatures vanquished.

Notes
Turn   | Place    | Note
-------+----------+-------------------------------------------
     0 | D:1      | sircluck the Gnoll Reaver began the quest for the Orb.
     0 | D:1      | Reached XP level 1. HP: 20/20 MP: 6/6
   327 | D:1      | Found a faded altar of an unknown god.
   330 | D:1      | Reached XP level 2. HP: 26/26 MP: 7/7
   911 | D:2      | Noticed Robin
   992 | D:1      | Slain by a goblin

Illustrated notes

Levels and vault maps discovered:
D:1:      giann_forest_graveyard, layout_basic, basic_ecumenical_altar,
          serial_corexii_hall, corexii_hall_statues_x,
          chequers_hall_statues_corner_a, hex_intersection
D:2:      layout_rooms, uniq_sigmund, uniq_robin

Action                     || total
---------------------------++-------
  Melee: Spear             ||    71
         Bite              ||     4
         Punch             ||     2
 Armour: Leather armour    ||    10
  Dodge: Dodged            ||    45

Table legend: (Time is in decaauts)
 A = Elapsed time spent in this place.
 B = Non-inter-level travel time spent in this place.
 C = Inter-level travel time spent in this place.
 D = Time resting spent in this place.
 E = Time spent auto-exploring this place.
 F = Levels seen in this place.
 G = Mean time per level.
                   A        B        C        D        E       F      G
               +--------+--------+--------+--------+--------+-----+--------+
         Total |    979 |    956 |     23 |     56 |    764 |   2 |  489.5 |
       Dungeon |    979 |    956 |     23 |     56 |    764 |   2 |  489.5 |
               +--------+--------+--------+--------+--------+-----+--------+

Top non-repeatable levels by time:
     D:1: 970 daAuts
     D:2: 9 daAuts
